Map: Base du roi Sejong EC

Players

zidar

  • Race: Zerg Zerg
  • League: Gold
  • Spawn Location: 11:00

GodsFool - Winner!

  • Race: Terran Terran
  • Spawn Location: 5:00

VOD

Have the link to the VOD?

Description

Time

  • Played on: June 16, 2016, 2:38 p.m.
  • Length: 13:10
Show
View Real Time Build Order
Export as new Build Order

zidar Zerg 

Build Orders: Hatch First 

Get SALT Encoding   

  12  0:01  Drone  
  13  0:12  Overlord  
  13  0:17  Drone  
  14  0:30  Drone x2  
  16  0:51  Hatchery  
  16  0:54  Drone  
  16  0:59  Extractor  
  15  1:04  Drone x2  
  17  1:31  Drone  
  18  1:36  Overlord  
  18  1:49  Spawning Pool  
  16  2:06  Hatchery, Drone  
  16  2:08  Drone  
  17  2:17  Drone x2  
  17  2:46  Zergling x2  
  17  2:47  Zergling x4  
  18  3:09  Metabolic Boost  
  18  3:14  Queen  
  18  3:16  Queen  
  22  3:25  Queen  
  24  3:53  Roach Warren  
  23  3:59  Drone x4  
  23  4:00  Drone  
  28  4:26  Extractor  
  28  4:27  Drone x6  
  33  4:46  Drone x3  
  33  4:49  Drone x4  
  40  5:08  Drone x2  
  40  5:10  Overlord x3  
  42  5:20  Lair  
  42  5:32  Drone x4  
  42  5:33  Drone x4  
  50  5:42  Overlord x2  
  50  5:46  Roach x2  
  54  6:07  Evolution Chamber  
  54  6:08  Evolution Chamber  
  52  6:12  Roach x8  
  52  6:13  Roach  
  70  6:19  Drone  
  70  6:20  Drone x3  
  70  6:22  Drone  
  70  6:25  Extractor  
  74  6:28  Drone x3  
  77  6:57  Roach x2  
  77  7:00  Overlord x6  
  81  7:06  Zerg Ground Armor Level 1  
  81  7:07  Zerg Missile Weapons Level 1  
  81  7:16  Drone  
  81  7:21  Drone x2  
  84  7:24  Drone x8  
  84  7:27  Extractor  
  91  7:34  Roach x5  
  91  7:35  Roach  
  103  7:37  Ravager x3  
  103  7:38  Ravager x3  
  109  7:46  Queen  
  111  8:07  Roach x4  
  111  8:08  Roach  
  111  8:10  Overlord x4  
  121  8:13  Drone  
  121  8:19  Hatchery  
  121  8:28  Queen  
  123  8:34  Extractor  
  123  8:35  Extractor  
  123  8:36  Drone x2  
  123  8:37  Drone  
  117  8:58  Infestation Pit  
  107  9:06  Overseer  
  107  9:07  Queen  
  107  9:40  Drone x5  
  107  9:41  Drone x4  
  116  10:02  Zerg Ground Armor Level 2, Zerg Missile Weapons Level 2  
  116  10:06  Roach x9  
  116  10:07  Roach x4  
  142  10:12  Roach x5  
  152  10:32  Overlord x3  
  152  10:33  Overlord x3  
  152  10:51  Drone x8  
  152  10:53  Drone x4  
  152  10:54  Hatchery  
  152  10:57  Roach x2  
  167  10:58  Ravager  
  167  10:59  Ravager x10  
  167  11:03  Hive  
  91  11:51  Roach x17  
  91  11:52  Roach  
  113  12:04  Ravager x2  
  89  12:21  Ravager x3  
  88  12:25  Roach x4  
  88  12:26  Roach x7  
  103  12:34  Ravager x3  
  103  12:35  Ravager x4  
Show
View Real Time Build Order
Export as new Build Order

GodsFool Terran - Winner!

Build Orders:  

Get SALT Encoding   

  12  0:01  SCV  
  13  0:13  SCV  
  14  0:17  Supply Depot  
  14  0:25  SCV  
  15  0:39  SCV  
  15  0:40  Barracks  
  16  0:45  Refinery  
  16  0:51  SCV  
  17  1:03  SCV  
  18  1:15  SCV  
  19  1:28  Reaper  
  20  1:36  Orbital Command  
  20  1:51  Supply Depot  
  20  2:00  Reaper  
  21  2:03  Command Center  
  21  2:04  SCV  
  22  2:15  Barracks  
  22  2:33  Reaper  
  21  3:04  SCV  
  21  3:05  Reaper  
  22  3:13  Supply Depot  
  22  3:19  Orbital Command  
  21  3:23  Bunker  
  21  3:28  Barracks x2  
  21  3:29  Barracks  
  21  3:30  Reaper  
  22  3:37  Reaper  
  22  3:39  Factory  
  22  3:40  Refinery  
  23  3:41  SCV  
  23  3:49  SCV  
  23  3:53  SCV  
  25  4:03  SCV  
  25  4:09  SCV  
  27  4:15  Marine x2  
  28  4:20  SCV  
  28  4:21  SCV  
  28  4:23  Starport  
  30  4:27  Marine x3  
  33  4:32  SCV  
  33  4:34  SCV  
  33  4:37  Marine x2  
  37  4:44  Marine, SCV  
  37  4:45  Marine  
  40  4:46  SCV  
  40  4:47  Marine, Refinery  
  42  4:56  SCV  
  43  5:01  Marine x2  
  43  5:02  Marine, Medivac  
  43  5:05  SCV  
  43  5:06  Starport  
  49  5:14  Marine  
  49  5:15  Marine  
  49  5:20  SCV  
  54  5:24  Widow Mine  
  54  5:26  Supply Depot  
  54  5:30  Supply Depot  
  54  5:35  Engineering Bay  
  54  5:47  Marine x4  
  54  5:48  Marine, SCV  
  60  5:50  Supply Depot  
  60  5:53  Supply Depot  
  60  5:57  Medivac  
  64  6:05  Marine x3  
  64  6:06  Widow Mine  
  64  6:08  SCV x2  
  64  6:09  Marine  
  70  6:11  Marine  
  70  6:13  Supply Depot  
  70  6:14  Terran Infantry Weapons Level 1  
  70  6:15  Armory  
  71  6:19  Engineering Bay  
  71  6:23  Supply Depot  
  71  6:24  SCV x2  
  71  6:25  Liberator  
  71  6:40  Viking  
  71  6:43  Marine x2  
  83  6:49  Barracks Tech Lab  
  83  6:50  Barracks Tech Lab  
  83  6:51  Barracks Tech Lab  
  83  6:53  Widow Mine  
  80  6:58  Terran Infantry Armor Level 1  
  80  7:12  Bunker  
  80  7:16  Marine x3  
  80  7:18  Bunker  
  80  7:20  Sensor Tower  
  83  7:24  Marine  
  83  7:27  Missile Turret  
  85  7:36  Marine x2, Missile Turret  
  87  7:37  Combat Shield  
  87  7:41  Marauder x2  
  87  7:43  Marauder  
  92  7:53  Refinery  
  92  7:54  Marine x2  
  94  8:15  Command Center  
  94  8:25  Supply Depot, Bunker  
  94  8:31  Supply Depot  
  94  8:33  Marine x3, Marauder  
  101  8:34  Marauder  
  103  8:51  Marine  
  103  8:54  Widow Mine  
  103  8:55  Liberator  
  102  9:02  Command Center  
  102  9:10  Medivac  
  107  9:21  Marine x3, Marauder x2  
  115  9:32  Widow Mine  
  115  9:34  Orbital Command  
  115  9:38  Marine x2  
  115  9:39  Marauder  
  115  9:40  SCV x2, Medivac  
  115  9:42  Marauder  
  115  9:43  Marine  
  115  9:44  Terran Infantry Weapons Level 2  
  126  9:52  SCV  
  125  9:56  Marine x2  
  125  9:57  Liberator  
  127  10:00  Widow Mine  
  127  10:01  Marine, Marauder  
  127  10:04  Marauder  
  132  10:07  Concussive Shells  
  132  10:08  Stimpack  
  132  10:14  Marine  
  132  10:19  Marauder  
  139  10:21  Marine  
  139  10:25  Marauder  
  142  10:32  Marine  
  142  10:33  Barracks Reactor  
  142  10:34  SCV x2  
  144  10:38  Factory Tech Lab  
  144  10:40  Marine, Marauder, Supply Depot  
  147  10:54  Marine  
  148  10:57  Bunker  
  148  11:01  Marine x2  
  148  11:02  Marauder  
  148  11:03  Supply Depot  
  152  11:12  Marine  
  138  11:26  Supply Depot  
  138  11:29  Bunker  
  122  11:36  Marine x4, Marauder  
  122  11:37  Marauder, Medivac x2  
  117  11:50  Supply Depot  
  117  11:54  Marine x3  
  118  11:55  Marauder  
  118  11:57  Marine x2  
  118  11:59  Supply Depot  
  121  12:11  Marine  
  121  12:12  Marine x2  
  126  12:15  Marauder  
  126  12:16  Marauder x2, Medivac x2  
  134  12:22  Supply Depot  
  134  12:29  Marine x3  
  135  12:30  Planetary Fortress  
  134  12:37  Marine x2, Marauder  
  136  12:47  Marine x3  
Tags
 
Add a new tag
Caveats
  • Supply blocks, unpowered buildings, or Contaminate may cause inaccurate times.
  • Supply counts are checked every 10 seconds.